 Dungeon Crawl Stone Soup version 0.29-a0-330-g52719c12eb (webtiles) character file.

Game seed: 5816828639847865061

75610 Ajdolov the Warrior (level 15, -36/141 HPs)
             Began as a Barachi Ice Elementalist on Apr 28, 2022.
             Was the Champion of Cheibriados.
             Annihilated by a titanic slime creature (81 damage)
             ... on level 13 of the Dungeon on Apr 29, 2022.
             The game lasted 00:55:40 (20751 turns).

Ajdolov the Warrior (Barachi Ice Elementalist)     Turns: 20751, Time: 00:55:41

Health: -36/141    AC: 15    Str: 26    XL:     15   Next: 50%
Magic:  17/22      EV: 12    Int: 37    God:    Cheibriados [******]
Gold:   1490       SH: 13    Dex: 27    Spells: 6/18 levels left

rFire   + + .      SeeInvis .   D - +2 spear (venom)
rCold   x . .      Faith    .   h - +0 buckler
rNeg    . . .      Spirit   .   t - +1 ring mail of Colejuec {rPois Regen+ Stlth+}
rPois   +          Reflect  +   j - +1 helmet
rElec   .          Harm     .   (no cloak)
rCorr   .          Rampage  .   S - +0 pair of gloves
Will    +....                   (no boots)
Stlth   +++.......              M - amulet of reflection
HPRegen 1.13/turn               A - ring of fire
MPRegen 0.18/turn               I - ring of protection from fire

@: ice-armoured, unable to hop, freezing walls, very slow
A: amphibious, slowness 1, strong legs 2, +LOS
a: Hop, Renounce Religion, Bend Time, Temporal Distortion, Slouch, Step From
Time


You were on level 13 of the Dungeon.
You worshipped Cheibriados.
Cheibriados was exalted by your worship.
You visited 3 branches of the dungeon, and saw 21 of its levels.

You collected 1694 gold pieces.
You spent 204 gold pieces at shops.

Inventory:

Hand Weapons
 D - a +2 spear of venom (weapon)
Missiles
 w - 6 throwing nets
Armour
 h - a +0 buckler (worn)
 j - a +1 helmet (worn)
 t - the +1 ring mail of Colejuec (worn) {rPois Regen+ Stlth+}
   (You found it on level 4 of the Dungeon)

   rPois:     It protects you from poison.
   Regen:     It increases your rate of health regeneration.
   Stlth:     It makes you more stealthy.
 S - a +0 pair of gloves (worn)
Jewellery
 u - a ring of poison resistance
 A - a ring of fire (left hand)
 I - a ring of protection from fire (right hand)
 L - a ring of ice
 M - an amulet of reflection (around neck)
Wands
 b - a wand of flame (50)
 k - a wand of mindburst (7)
 o - a wand of digging (10)
 B - a wand of polymorph (9)
 C - a wand of iceblast (23)
Scrolls
 c - 6 scrolls of holy word
 d - 12 scrolls of teleportation
 e - 2 scrolls of blinking
 i - 2 scrolls of fear
 n - 3 scrolls of magic mapping
 r - 6 scrolls of identify
 N - 2 scrolls of enchant weapon
 O - a scroll of torment
 P - a scroll of vulnerability
 Q - a scroll of fog
Potions
 a - 5 potions of attraction
 f - 2 potions of degeneration
 g - 4 potions of lignification
 l - 7 potions of flight
 q - 3 potions of brilliance
 s - a potion of haste
 v - 2 potions of berserk rage
 x - 4 potions of curing
 z - 4 potions of mutation
 E - 2 potions of cancellation
 F - 3 potions of ambrosia
 G - a potion of invisibility
 H - 4 potions of might
 K - 2 potions of heal wounds
Miscellaneous
 y - a phial of floods
 R - a condenser vane (inert)


   Skills:
 - Level 20.0 Fighting
 - Level 12.0 Polearms
 - Level 2.1 Dodging
 - Level 1.7 Stealth
 * Level 7.6 Shields
 - Level 2.1 Spellcasting
 + Level 8.8 Conjurations
 + Level 8.9 Transmutations
 - Level 7.9 Ice Magic
 + Level 9.6 Invocations


You had 6 spell levels left.
You knew the following spells:

 Your Spells              Type           Power      Damage    Failure   Level
a - Freeze                Ice            100%       1d11      1%          1
b - Frozen Ramparts       Ice            100%       1d12      1%          3
c - Ozocubu's Armour      Ice            58%        N/A       1%          3
d - Irradiate             Conj/Tmut      31%        3d23      7%          5

Your spell library contained the following spells:

 Spells                   Type           Power      Damage    Failure   Level
 Wereblood                Tmut           63%        N/A       1%          2
 Hailstorm                Conj/Ice       60%        3d13      3%          4
 Ice Form                 Ice/Tmut       60%        N/A       3%          4
 Conjure Flame            Conj/Fire      53%        6-21      4%          3
 Blade Hands              Tmut           31%        N/A       6%          5
 Ignite Poison            Fire/Tmut/Pois 39%        N/A       9%          3
 Apportation              Tloc           8%         N/A       10%         1
 Pain                     Necr           16%        1d4       10%         1
 Corpse Rot               Necr/Air       8%         N/A       14%         2
 Poisonous Vapours        Pois/Air       8%         N/A       14%         2
 Sublimation of Blood     Necr           4%         N/A       14%         2
 Sticky Flame             Conj/Fire      53%        2d7       16%         4
 Summon Ice Beast         Ice/Summ       33%        N/A       19%         4
 Gell's Gravitas          Tloc           4%         N/A       28%         3
 Inner Flame              Hex/Fire       6%         N/A       28%         3
 Teleport Other           Tloc           4%         N/A       28%         3
 Alistair's Intoxication  Tmut/Pois      24%        N/A       38%         5
 Metabolic Englaciation   Hex/Ice        16%        N/A       45%         5
 Cause Fear               Hex            2%         N/A       67%         4
 Leda's Liquefaction      Hex/Erth       2%         N/A       67%         4
 Passage of Golubria      Tloc           4%         N/A       67%         4
 Summon Lightning Spire   Summ/Air       4%         N/A       67%         4
 Statue Form              Tmut/Erth      24%        N/A       92%         6
 Agony                    Necr           4%         N/A       95%         5
 Excruciating Wounds      Necr           2%         N/A       95%         5
 Lee's Rapid Deconstruct  Erth           2%         3d5*      95%         5
 Silence                  Hex/Air        2%         N/A       95%         5
 Dispersal                Tloc           2%         N/A       100%        6
 Dragon Form              Tmut           31%        N/A       89%         7
 Storm Form               Tmut/Air       18%        N/A       100%        7
 Summon Hydra             Summ           2%         N/A       100%        7
 Discord                  Hex            2%         N/A       100%        8
 Lehudib's Crystal Spear  Conj/Erth      18%        10d5      100%        8
 Maxwell's Capacitive Co  Air            2%         ∞         100%        8
 Polar Vortex             Ice            29%        N/A       100%        9


Dungeon Overview and Level Annotations

Branches:
Dungeon (14/15)            Temple (1/1) D:5            Lair (6/6) D:8
 Shoals (0/4) Lair:4        Snake (0/4) Lair:2        Slime (0/5) Lair:5
    Orc (0/2) D:12         Vaults (0/5) D:13

Altars:
Ashenzari
Cheibriados
Dithmenos
Elyvilon
Fedhas
Gozag
Hepliaklqana
Kikubaaqudgha
Makhleb
Nemelex Xobeh
Okawaru
Qazlal
Ru
Sif Muna
Trog
Uskayaw
Vehumet
Wu Jian
Xom
Yredelemnul
Zin
The Shining One
Jiyva

Shops:
D:6 *   D:7 (   D:10 !

Portals:
Trove: D:12 (give 16 potions of curing)

Annotations:
D:5 1 runed translucent door, Crazy Yiuf
D:9 exclusion: freezing wraith
D:13 1 transporter, robertstho's ghost, journeyman DjIE
Lair:5 1 runed translucent door


Innate Abilities, Weirdness & Mutations

You are amphibious.
You cover ground slowly.
You can hop long distances.
You have an extended range of vision and can be seen from far away.


Message History

The wall freezes the slime creature!
The wall freezes the enormous slime creature!
The enormous slime creature hits you!!
You puncture the enormous slime creature!
The enormous slime creature is lightly wounded.
The wall freezes the slime creature.
Two slime creatures merge to form a titanic slime creature.
Unknown command.
Okay, then.
Aiming: Polymorph
Press: ? - help, Shift-Dir - straight line, f/p - titanic slime creature
Aim: a titanic slime creature (poison gas, lightly wounded, will probably split, will become a water nymph, a shining eye, or a swamp worm, chance to affect: 31%)
Okay, then.
Okay, then.
Aiming: Charm
Press: ? - help, Shift-Dir - straight line, f/p - titanic slime creature
Aim: a titanic slime creature (poison gas, lightly wounded, chance to affect: 31%)
The titanic slime creature easily resists.
Unknown command.
Aiming: Charm
Press: ? - help, Shift-Dir - straight line, f/p - titanic slime creature
Aim: a titanic slime creature (poison gas, lightly wounded, chance to affect: 31%)
The titanic slime creature easily resists.
The now-empty wand crumbles to dust.
The wall freezes the titanic slime creature!
The titanic slime creature hits you!!!
You don't have any such object.
Evoke which item? (* to show all) (? for menu, Esc to quit)
Okay, then.
You don't have any such object.
Evoke which item? (* to show all) (? for menu, Esc to quit)
Okay, then.
Aiming: Polymorph
Press: ? - help, Shift-Dir - straight line, f/p - titanic slime creature
Aim: a titanic slime creature (poison gas, lightly wounded, will probably split, will become a water nymph, a shining eye, or a swamp worm, chance to affect: 31%)
The titanic slime creature easily resists.
The wall freezes the titanic slime creature.
The titanic slime creature hits you!!!!
Ouch! That really hurt!
You die...

#J##### #.#....
#.#####J.....
#.......#.##.
############.#.##.
#§§.J..J.....#.##.
#§############.##.
#J# #.##. #### #@#
#.##. #... #.#
#.##. #..# #.#
#.###
#######..#######.#
#.#
#.....#..#....∩#.#
#.#
#..#.##..##.#..#>#
#.#
#.#.#.#.)#.#.#.###
#.#
#..##.#..#.##..#
#.#
#.#........).#.#
#.#


You could see a titanic slime creature.

Vanquished Creatures
  Josephine (D:12)
  8 hydras
  A fire dragon (Lair:6)
  Fannar (Lair:2)
  A boulder beetle (Lair:5)
  An ogre mage (D:13)
  6 two-headed ogres
  A death knight (D:13)
  11 death yaks
  Nergalle (Lair:1)
  4 skeletal warriors
  A lindwurm (Lair:6)
  A phantasmal warrior (D:13)
  Pikel (D:8)
  2 ugly things
  10 elephants
  11 black mambas
  9 cane toads
  2 molten gargoyles (Lair:6)
  4 centaur skeletons (D:13)
  A gargoyle (D:13)
  Maggie (D:8)
  4 kobold demonologists
  16 komodo dragons
  An unseen horror (D:13)
  4 yaktaurs (D:13)
  A freezing wraith (D:13)
  3 rime drakes
  3 trolls
  A meliai (shapeshifter) (D:13)
  5 polar bears
  A hornet (D:8)
  5 slime creatures (D:12)
  7 dream sheep (Lair:4)
  15 blink frogs
  6 wraiths
  72 yaks
  6 wyverns
  9 basilisks
  Grum (D:9)
  3 steam dragons
  6 vampire mosquitoes
  2 wargs (D:8)
  5 hell hounds (Lair:6)
  2 acid dragons
  29 water moccasins
  3 orc warriors
  4 black bears (Lair:1)
  2 sky beasts
  25 wolves
  An ice beast (D:7)
  2 ogres
  A boggart (D:13)
  2 lemures (D:8)
  2 phantoms
  10 centaurs
  7 kobold brigands
  12 bullfrogs
  4 necrophages
  2 gnoll sergeants (D:8)
  4 scorpions
  3 wights (D:6)
  3 howler monkeys
  5 lava snakes (Lair:6)
  3 electric eels
  4 hounds
  A gnoll shaman (D:8)
  4 jellies
  10 orc priests
  4 iguanas
  13 orc wizards
  6 hell rats (Lair:2)
  12 adders
  19 gnolls
  2 shadow imps
  3 white imps
  An ufetubus (D:4)
  3 worms (D:2)
  3 dart slugs
  48 orcs
  2 bats
  3 endoplasms
  3 giant cockroaches
  9 goblins
  6 hobgoblins
  2 jackals (D:2)
  4 ball pythons
  5 frilled lizards
  21 kobolds
  A rat (D:1)
570 creatures vanquished.

Vanquished Creatures (others)
  An orc wizard (D:7)
  46 fungi
  56 plants
103 creatures vanquished.

Grand Total: 673 creatures vanquished

Notes
Turn   | Place    | Note
-------+----------+-------------------------------------------
     0 | D:1      | Ajdolov the Barachi Ice Elementalist began the quest for
                  | the Orb.
     0 | D:1      | Reached XP level 1. HP: 13/13 MP: 3/3
   120 | D:1      | Reached skill level 5 in Ice Magic
   173 | D:1      | Found a faded altar of an unknown god.
   348 | D:1      | Reached XP level 2. HP: 19/19 MP: 3/5
   802 | D:2      | Reached XP level 3. HP: 24/24 MP: 1/6
   832 | D:2      | Learned a level 3 spell: Frozen Ramparts
  1522 | D:2      | Reached skill level 1 in Polearms
  1522 | D:2      | Reached XP level 4. HP: 28/30 MP: 3/7
  2561 | D:3      | Noticed a sky beast
  2574 | D:3      | Killed a sky beast
  2575 | D:3      | Reached XP level 5. HP: 17/35 MP: 5/8
  2737 | D:3      | Learned a level 3 spell: Ozocubu's Armour
  3010 | D:3      | Reached XP level 6. HP: 41/41 MP: 5/9
  3407 | D:4      | Identified the +1 ring mail of Colejuec {rPois Regen+
                  | Stlth+}
  3568 | D:4      | Reached skill level 1 in Fighting
  4024 | D:4      | Identified the +6 hunting sling "Tiys" {venom, Will+}
  4403 | D:5      | Entered Level 5 of the Dungeon
  4410 | D:5      | Found a sparkling altar of Nemelex Xobeh.
  4451 | D:5      | Reached skill level 2 in Fighting
  4457 | D:5      | Reached XP level 7. HP: 49/51 MP: 7/10
  4604 | D:5      | Found a staircase to the Ecumenical Temple.
  4626 | Temple   | Entered the Ecumenical Temple
  4937 | D:5      | Reached skill level 3 in Fighting
  5044 | D:5      | Reached skill level 5 in Polearms
  5251 | D:5      | Found a runed translucent door.
  5252 | D:5      | Noticed Crazy Yiuf
  5391 | D:6      | Reached skill level 4 in Fighting
  5391 | D:6      | Reached XP level 8. HP: 60/60 MP: 9/11
  5752 | D:6      | Reached skill level 5 in Fighting
  5855 | D:6      | Found Sarre's CLEARANCE SALE!.
  5862 | D:6      | Bought a potion of might for 12 gold pieces
  6419 | D:7      | Reached skill level 6 in Fighting
  6468 | D:7      | Reached XP level 9. HP: 67/69 MP: 5/12
  6638 | D:7      | Found a snail-covered altar of Cheibriados.
  6660 | D:7      | Became a worshipper of Cheibriados the Contemplative
  6736 | D:7      | Found a hide-covered altar of Uskayaw.
  6761 | D:7      | Found Cefaet's Weapon Shoppe.
  6823 | D:7      | Reached skill level 7 in Fighting
  6889 | D:7      | Found a radiant altar of Vehumet.
  6992 | D:7      | Identified the +1 leather armour of Ushuffa {rN+ Dex+2}
  7198 | D:7      | Found a stormy altar of Qazlal.
  7200 | D:7      | Found a shadowy altar of Dithmenos.
  7283 | D:7      | Reached skill level 8 in Fighting
  7283 | D:7      | Reached skill level 10 in Polearms
  7472 | D:8      | Noticed Maggie
  7478 | D:8      | Noticed a hornet
  7481 | D:8      | Killed Maggie
  7485 | D:8      | Killed a hornet
  7486 | D:8      | Reached XP level 10. HP: 36/82 MP: 13/13
  7537 | D:8      | Noticed Pikel
  7552 | D:8      | Killed Pikel
  7623 | D:8      | Reached skill level 9 in Fighting
  7721 | D:8      | Reached * piety under Cheibriados
  8077 | D:8      | Found a staircase to the Lair.
  8487 | D:8      | Found a shimmering blue altar of Sif Muna.
  8929 | D:9      | Reached ** piety under Cheibriados
  9165 | D:9      | Found a burning altar of Makhleb.
  9185 | D:9      | Identified the +6 whip of Aveyzot {vorpal, rF+ rC+}
  9292 | D:9      | Reached skill level 10 in Fighting
  9461 | D:9      | Reached skill level 11 in Fighting
  9466 | D:9      | Identified the +0 scale mail of Devotion {rElec}
  9580 | D:9      | Found a hazy altar of Hepliaklqana.
  9587 | D:9      | Found a basalt altar of Yredelemnul.
  9696 | D:9      | Reached XP level 11. HP: 93/94 MP: 14/14
  9800 | D:9      | Noticed Grum
  9816 | D:9      | Killed Grum
  9817 | D:9      | Reached skill level 12 in Fighting
 10066 | D:10     | Entered Level 10 of the Dungeon
 10152 | D:9      | Reached *** piety under Cheibriados
 10449 | D:10     | Noticed a sixfirhy
 10450 | D:10     | Noticed a sun demon
 10460 | D:9      | Reached skill level 13 in Fighting
 10639 | D:10     | Found a white marble altar of Elyvilon.
 10847 | D:10     | Found Zullimui's Distillery.
 10856 | D:10     | Bought a potion of ambrosia for 96 gold pieces
 10856 | D:10     | Bought a potion of invisibility for 96 gold pieces
 11022 | D:11     | Reached **** piety under Cheibriados
 11225 | D:11     | Reached skill level 14 in Fighting
 11379 | D:11     | Noticed a red ugly thing
 11393 | D:11     | Killed a red ugly thing
 11633 | Lair:1   | Entered Level 1 of the Lair of Beasts
 11643 | Lair:1   | Reached skill level 15 in Fighting
 11958 | Lair:1   | Identified the +1 leather armour "Cojetod" {rN+ Int+3
                  | Slay+2}
 11967 | Lair:1   | Reached skill level 16 in Fighting
 11967 | Lair:1   | Reached XP level 12. HP: 95/111 MP: 11/15
 12053 | Lair:1   | Reached ***** piety under Cheibriados
 12116 | Lair:1   | Noticed a four-headed hydra
 12130 | Lair:1   | Killed a four-headed hydra
 12131 | Lair:1   | Reached skill level 17 in Fighting
 12589 | Lair:2   | Noticed Fannar
 12589 | Lair:2   | Noticed Nergalle
 12589 | Lair:2   | Noticed a seven-headed hydra
 12677 | Lair:2   | Reached skill level 18 in Fighting
 12699 | Lair:2   | Killed Fannar
 12772 | Lair:2   | Killed a seven-headed hydra
 12780 | Lair:2   | Reached skill level 19 in Fighting
 12841 | Lair:1   | Killed Nergalle
 12916 | Lair:2   | Gained mutation: You can hop long distances. [Barachi
                  | growth]
 12916 | Lair:2   | Reached XP level 13. HP: 126/126 MP: 16/16
 13197 | Lair:2   | Reached skill level 20 in Fighting
 13241 | Lair:2   | Learned a level 5 spell: Irradiate
 13271 | Lair:2   | Found a staircase to the Snake Pit.
 13302 | Lair:2   | Reached skill level 1 in Invocations
 13357 | Lair:2   | Reached skill level 1 in Transmutations
 13375 | Lair:2   | Reached skill level 1 in Conjurations
 13429 | Lair:2   | Reached ****** piety under Cheibriados
 14691 | Lair:4   | Reached skill level 5 in Invocations
 15198 | Lair:4   | Reached skill level 5 in Conjurations
 15198 | Lair:4   | Reached skill level 5 in Transmutations
 15383 | Lair:4   | Found a staircase to the Shoals.
 15532 | Lair:4   | Reached XP level 14. HP: 118/135 MP: 11/18
 16085 | Lair:5   | Identified the +3 leather armour of the Bespelled Griffon
                  | {Int+2}
 16490 | Lair:5   | Found a runed translucent door.
 16490 | Lair:5   | Found a viscous altar of Jiyva.
 16491 | Lair:5   | Found a staircase to the Slime Pits.
 16491 | Lair:5   | Noticed an azure jelly
 16693 | Lair:6   | Entered Level 6 of the Lair of Beasts
 17129 | Lair:6   | Reached skill level 1 in Shields
 17687 | Lair:6   | Found a large runed translucent door.
 17687 | Lair:6   | Found a large runed translucent door.
 18853 | D:12     | Reached skill level 5 in Shields
 18853 | D:12     | Reached XP level 15. HP: 135/141 MP: 2/21
 18872 | D:12     | Found a portal to a secret trove of treasure.
 19223 | D:12     | Found a staircase to the Orcish Mines.
 19823 | D:12     | Noticed Josephine
 19831 | D:12     | Killed Josephine
 19899 | D:12     | You fall into a shaft and drop 2 floors!
 19911 | D:13     | Noticed robertstho's ghost (journeyman DjIE)
 20004 | D:13     | Found a transporter.
 20197 | D:13     | Got the Almanac of the Glacier and Ignition
 20455 | D:13     | Found a gate to the Vaults.
 20751 | D:13     | Annihilated by a titanic slime creature

Illustrated notes

Levels and vault maps discovered:
D:1:      dpeg_arrival_long_road, layout_loops_cross,
          hellmonk_ecumenical_altar_pennies_from_heaven
D:2:      layout_rooms, bh_walls_and_bars
D:3:      layout_loops_ring, serial_park_tiny_2
D:4:      layout_layer_cave, hangedman_decor_slide_cut, minmay_statues_item
D:5:      layout_cave_pools, nemelex_diamond_rough_becter, temple_statues,
          uniq_crazy_yiuf_cottage
D:6:      layout_basic, chequers_serial_rivers_micro_b, minmay_misc_feat_cross,
          nicolae_shop_clearance
D:7:      layout_basic, mainiacjoe_overflow_alcove_4, amcnicky_altar_gilded,
          overflow_temple_1_default, nicolae_overflow_squiral, serial_shops,
          nicolae_shop_bloodbath_and_beyond
D:8:      layout_loops_ring, nicolae_sif_muna_little_library,
          erik_lair_orcish_takeover, uniq_pikel, uniq_maggie
D:9:      layout_basic, bloody_makhleb, mainiacjoe_overflow_big_doors, uniq_grum
D:10:     layout_cave_pools, elyvilon_altar_4, serial_shops,
          nicolae_shop_temple_entry_statues_fountains
D:11:     layout_rooms, portal_ice_cave_entry_pillars_1
D:12:     layout_basic, hiddenorc2_lemuel, nicolae_trove_entry_crossroad,
          uniq_josephine
D:13:     layout_basic, hangedman_vaults_entry_quadrant_bands,
          gammafunk_ghost_mausoleum, tgw_fedhas
D:14:     layout_basic, grunt_decor_cap, special_room [special_room_bee],
          uniq_roxanne, uniq_snorg, uniq_rupert
Temple:   minmay_temple_curvy_loop
Lair:1:   layout_misc_corridors, chequers_serial_rivers_micro_b,
          gammafunk_lair_bear_cave, grunt_megastairs_1
Lair:2:   layout_loops_ring, minmay_snake_entry_six_corridors, uniq_fannar,
          uniq_nergalle
Lair:3:   layout_hall_layers
Lair:4:   layout_regular_city, minmay_shoals_entry_centaurs
Lair:5:   layout_cave_shapes, slime_altar_2, grunt_megastairs_2
Lair:6:   cheibrodos_lair_end_hotspot, layout_regular_city

Skill      XL: |  1  2  3  4  5  6  7  8  9 10 11 12 13 14 15 |
---------------+----------------------------------------------+-----
Ice Magic      | 5 6 7 |  7.9
Polearms       | 1 2 4 5 8 10 12 | 12.0
Fighting       | 2 4 6 8 11 16 19 20 | 20.0
Invocations    | 6 9 |  9.6
Transmutations | 5 7 8 |  8.9
Conjurations   | 5 7 8 |  8.8
Shields        | 5 7 |  7.6
Dodging        | |  2.1
Stealth        | |  1.7
Spellcasting   | |  2.1

Action                   |  1- 3 |  4- 6 |  7- 9 | 10-12 | 13-15 || total
-------------------------+-------+-------+-------+-------+-------++-------
Melee: Unarmed           |     6 |       |       |       |       ||     6
       Spear             |    22 |   109 |   297 |   677 |  1156 ||  2261
       Punch             |       |     1 |     4 |     8 |     9 ||    22
 Cast: Freeze            |    22 |       |       |       |     1 ||    23
       Frozen Ramparts   |     6 |    16 |    32 |    59 |    80 ||   193
       Ozocubu's Armour  |       |     1 |    11 |    26 |    45 ||    83
       Irradiate         |       |       |       |       |    12 ||    12
 Abil: Hop               |       |     1 |     1 |     3 |    17 ||    22
Evoke: Wand              |       |       |     1 |       |     3 ||     4
       Phial of floods   |       |       |       |       |     1 ||     1
       Condenser vane    |       |       |       |       |     1 ||     1
  Use: Potion            |       |       |     2 |       |     4 ||     6
       Scroll            |       |       |       |    18 |     6 ||    24
 Stab: Sleeping          |     1 |     4 |     3 |     4 |     1 ||    13
       Distracted        |       |       |       |     1 |     8 ||     9
Armor: Robe              |     8 |    12 |       |       |       ||    20
       Ring mail         |       |     6 |    40 |    89 |   159 ||   294
Dodge: Dodged            |    16 |    65 |   157 |   374 |   462 ||  1074
Block: Other             |       |       |       |       |    71 ||    71
       Reflection        |       |       |       |       |    20 ||    20
       Buckler           |       |       |       |       |   206 ||   206

Table legend: (Time is in decaauts)
 A = Elapsed time spent in this place.
 B = Non-inter-level travel time spent in this place.
 C = Inter-level travel time spent in this place.
 D = Time resting spent in this place.
 E = Time spent auto-exploring this place.
 F = Levels seen in this place.
 G = Mean time per level.
                   A        B        C        D        E       F      G
               +--------+--------+--------+--------+--------+-----+--------+
         Total |  28933 |  27442 |   1491 |   2135 |  19474 |  21 | 1377.8 |
       Dungeon |  17147 |  16312 |    835 |   1488 |  11630 |  14 | 1224.8 |
        Temple |    200 |    192 |      8 |      0 |    183 |   1 |  200.0 |
          Lair |  11585 |  10937 |    648 |    647 |   7661 |   6 | 1930.8 |
               +--------+--------+--------+--------+--------+-----+--------+

Top non-repeatable levels by time:
  Lair:6: 2888 daAuts
  Lair:4: 2568 daAuts
     D:9: 2168 daAuts
     D:8: 1965 daAuts
  Lair:2: 1804 daAuts
    D:12: 1743 daAuts
  Lair:1: 1700 daAuts
     D:2: 1550 daAuts
  Lair:5: 1373 daAuts
     D:7: 1316 daAuts
     D:4: 1269 daAuts
  Lair:3: 1251 daAuts
     D:3: 1184 daAuts
    D:13: 1141 daAuts
     D:6: 1129 daAuts
